 Dungeon Crawl Stone Soup version 0.20-a0-993-gba41c3c (webtiles) character file.

1647 Hybris the Slinger (level 9, -7/54 HPs)
             Began as a Halfling Hunter on Apr 11, 2017.
             Mangled by a two-headed ogre
             ... wielding a +0 dire flail
              (15 damage)
             ... on level 7 of the Dungeon.
             The game lasted 00:13:12 (6137 turns).

Hybris the Slinger (Halfling Hunter)                Turns: 6137, Time: 00:13:13

Health: -7/54      AC:  4    Str: 13    XL:     9   Next: 19%
Magic:  9/9        EV: 19    Int:  9    God:
Gold:   49         SH:  0    Dex: 18    Spells: 3/8 levels left

rFire    . . .     SeeInvis .   k - +2 dagger (speed)
rCold    . . .     Gourm    .   (shield restricted)
rNeg     + . .     Faith    .   c - +0 leather armour
rPois    .         Spirit   .   (no helmet)
rElec    .         Reflect  .   u - +0 cloak
rCorr    .         Harm     .   (no gloves)
MR       .....                  (no boots)
Stlth    ++........             (no amulet)
Regen    0.2/turn               i - ring of positive energy
MPRegen  0.2/turn               (no ring)

@: about to teleport
A: mutation resistance 1
a: no special abilities


You were on level 7 of the Dungeon.
You were not hungry.

You visited 1 branch of the dungeon, and saw 8 of its levels.
You also visited: Ossuary.

You collected 307 gold pieces.
You spent 258 gold pieces at shops.

Inventory:

Hand Weapons
 b - a +4 dagger
 g - a +3 hunting sling
 k - a +2 dagger of speed (weapon)
Missiles
 d - 26 sling bullets
 h - 232 stones (quivered)
Armour
 c - a +0 leather armour (worn)
 u - a +0 cloak (worn)
Jewellery
 i - a ring of positive energy (left hand)
 y - a cursed ring of teleportation {unknown}
 H - an uncursed amulet of magic regeneration {unknown}
Wands
 z - a wand of lightning (11/15)
 A - a wand of flame (11/48)
Scrolls
 e - 4 scrolls of identify
 l - 4 scrolls of remove curse
 m - a scroll of holy word {unknown}
 r - 2 scrolls of teleportation
 t - a scroll of amnesia
 v - 2 scrolls of enchant armour
 E - a scroll of fear
 F - a scroll of silence
 I - a scroll of vulnerability {unknown}
 J - a scroll of recharging
Potions
 j - 7 potions of curing
 n - a potion of lignification {unknown}
 o - a potion of ambrosia {unknown}
 q - a potion of berserk rage {unknown}
 s - a potion of degeneration {unknown}
 w - a potion of brilliance {unknown}
 x - 3 potions of haste {unknown}
 B - 2 potions of heal wounds
Books
 a - a book of Minor Magic

   Spells                             Type                      Level
   a - Magic Dart                     Conjuration                  1
   b - Blink                          Translocation                2
   c - Call Imp                       Summoning                    2
   d - Slow                           Hexes                        2
   e - Conjure Flame                  Conjuration/Fire             3
   f - Mephitic Cloud                 Conjuration/Poison/Air       3
 G - a book of Debilitation

   Spells                             Type                      Level
   a - Corona                         Hexes                        1
   b - Slow                           Hexes                        2
   c - Inner Flame                    Hexes/Fire                   3
   d - Portal Projectile              Hexes/Translocation          3
   e - Cause Fear                     Hexes                        4
   f - Leda's Liquefaction            Hexes/Earth                  4
Comestibles
 f - 4 bread rations
 p - a meat ration
 C - 4 fruits
 D - 3 royal jellies


   Skills:
 - Level 1.7 Fighting
 + Level 6.1 Short Blades
 * Level 12.2 Slings
 + Level 6.6 Dodging
 - Level 1.1 Stealth


You had 3 spell levels left.
You knew the following spells:

 Your Spells              Type           Power        Failure   Level  Hunger
a - Blink                 Tloc           N/A          78%         2    ###....
b - Mephitic Cloud        Conj/Pois/Air  #.......     98%         3    ####...


Dungeon Overview and Level Annotations

Branches:
Dungeon (8/15)
 Temple: D:4-7         Lair: D:8-11

Altars:
Nemelex Xobeh
Sif Muna
Yredelemnul
The Shining One

Shops:
D:5 ?


Innate Abilities, Weirdness & Mutations

You are small and have problems with some larger weapons.
You are somewhat resistant to further mutation.


Message History

The two-headed ogre is heavily wounded.
You hit the two-headed ogre.
The two-headed ogre is heavily wounded.
You hit the two-headed ogre.
The two-headed ogre is heavily wounded.
The two-headed ogre barely misses you.
The two-headed ogre hits you with a giant club.
You hit the two-headed ogre but do no damage.
The two-headed ogre is heavily wounded.
You hit the two-headed ogre.
The two-headed ogre is heavily wounded.
You hit the two-headed ogre but do no damage.
The two-headed ogre is heavily wounded.
The two-headed ogre closely misses you.
The two-headed ogre hits you with a giant club!!
* * * LOW HITPOINT WARNING * * *
As you read the scroll of teleportation, it crumbles to dust.
You feel strangely unstable.
The two-headed ogre hits you with a dire flail!
You die...

#......# #......#
#......# #......#######
#......# #............#
#......###.......#...##
#...............##.###
###......###..)......#
.........# #......####
###......# #......#
.........# ##..#@##
##.......###...#O###
#.#..........##..(###
#.#..........####...##
#..>........##
###..#####
##..........# ##.....#
##.........# #.....#
#.........# #.....#
####.....#..### #.....#


You could see a two-headed ogre.

Vanquished Creatures
  Grinder (D:6)
  An ice beast (D:7)
  A sky beast (D:7)
  2 ogres
  A centaur (D:6)
  A big kobold (D:7)
  A bullfrog (D:7)
  A gnoll sergeant (D:7)
  A scorpion (D:7)
  A crimson imp (D:7)
  A bullfrog zombie (D:7)
  A hound (D:5)
  A bullfrog skeleton (D:5)
  2 centaur zombies (Ossuary)
  An orc priest (D:4)
  An iguana (D:7)
  3 orc wizards
  3 worker ants
  2 big kobold zombies (Ossuary)
  A hound skeleton (D:5)
  6 mummies (Ossuary)
  7 adders
  5 gnolls (D:7)
  A shadow imp (D:5)
  An ooze (D:2)
  An adder skeleton (D:4)
  An adder zombie (D:7)
  2 worms (D:2)
  4 dart slugs
  A leopard gecko (D:3)
  17 orcs
  9 bats
  4 giant cockroaches
  8 goblins
  7 hobgoblins
  6 jackals
  2 quokkas
  A ball python (D:2)
  A ball python skeleton (D:4)
  4 frilled lizards
  4 hobgoblin zombies (Ossuary)
  2 jackal skeletons (D:4)
  12 kobolds
  2 leopard gecko skeletons
  A leopard gecko zombie (D:5)
  6 rats
142 creatures vanquished.

Notes
Turn   | Place    | Note
-------+----------+-------------------------------------------
     0 | D:1      | Hybris the Halfling Hunter began the quest for the Orb.
     0 | D:1      | Reached XP level 1. HP: 14/14 MP: 1/1
    31 | D:1      | Reached skill level 6 in Slings
    36 | D:1      | Reached XP level 2. HP: 14/19 MP: 2/2
   316 | D:1      | Reached XP level 3. HP: 24/24 MP: 3/3
  1196 | D:2      | Reached skill level 7 in Slings
  1244 | D:2      | Reached XP level 4. HP: 29/29 MP: 4/4
  1272 | D:2      | Found a basalt altar of Yredelemnul.
  1972 | D:3      | Reached skill level 1 in Short Blades
  1972 | D:3      | Reached XP level 5. HP: 32/34 MP: 5/5
  2490 | D:4      | Found a sparkling altar of Nemelex Xobeh.
  2540 | D:4      | Reached skill level 8 in Slings
  2893 | D:4      | Reached XP level 6. HP: 39/39 MP: 6/6
  3931 | D:5      | Entered Level 5 of the Dungeon
  4056 | D:5      | Reached skill level 9 in Slings
  4056 | D:5      | Reached XP level 7. HP: 34/44 MP: 7/7
  4235 | D:5      | Found a glowing golden altar of the Shining One.
  4390 | D:5      | Found Ruisoamm's Magic Scroll Emporium.
  4409 | D:5      | Bought a scroll of enchant armour for 90 gold pieces
  4409 | D:5      | Bought a scroll of fear for 42 gold pieces
  4409 | D:5      | Bought a scroll of teleportation for 36 gold pieces
  4409 | D:5      | Bought a scroll of silence for 90 gold pieces
  4505 | D:6      | Noticed Grinder
  4508 | D:6      | Paralysed by Grinder for 7 turns
  4522 | D:6      | Paralysed by Grinder for 4 turns
  4543 | D:6      | Paralysed by Grinder for 2 turns
  4555 | D:6      | Killed Grinder
  4555 | D:6      | Reached skill level 10 in Slings
  4555 | D:6      | Reached skill level 5 in Dodging
  4555 | D:6      | Reached XP level 8. HP: 35/49 MP: 8/8
  4577 | D:6      | Found a sand-covered staircase.
  4584 | Ossuary  | Entered an ossuary
  5129 | D:6      | Found a deep blue altar of Sif Muna.
  5319 | D:7      | Reached skill level 5 in Short Blades
  5332 | D:7      | Reached skill level 11 in Slings
  5422 | D:7      | Learned a level 2 spell: Blink
  5426 | D:7      | Learned a level 3 spell: Mephitic Cloud
  5750 | D:7      | Reached XP level 9. HP: 54/54 MP: 9/9
  5834 | D:7      | Reached skill level 12 in Slings
  5881 | D:8      | Noticed a two-headed ogre
  6137 | D:7      | Mangled by a two-headed ogre

Vault maps used:
D:1:      roderic_crop_circles_arrival_small
D:2:      lemuel_doored_altar
D:4:      nemelex_lonely_heart_becter
D:5:      kennysheep_mini_moat, serial_shops, shop_statue, first_bread,
          grunt_tough_drop
D:6:      mumra_celtic_spiral_tile, led_sif_pool, minmay_temple_entry_grid,
          nicolae_ossuary_entry_monument, uniq_grinder, uniq_eustachio
D:8:      lemuel_coloured_pillars_altar, david_lair_generic, serial_shops, shop,
          nicolae_shop_behind_doors, serial_bayou_pond_d
Ossuary:  ossuary_the_hunt_dpeg

Skill      XL: |  1  2  3  4  5  6  7  8  9 |
---------------+----------------------------+-----
Slings         | 6 7 8 9 10 11 12 | 12.2
Dodging        | 3 4 5 6 |  6.6
Short Blades   | 1 3 4 5 6 |  6.1
Fighting       | |  1.7
Stealth        | |  1.1

Action                   |  1- 3 |  4- 6 |  7- 9 || total
-------------------------+-------+-------+-------++-------
Melee: Short sword       |    11 |       |       ||    11
       Dagger            |    35 |    56 |   116 ||   207
 Fire: Hunting sling     |    58 |   164 |   209 ||   431
Evoke: Wand              |       |       |     1 ||     1
  Use: Scroll            |       |     3 |     7 ||    10
       Potion            |       |       |     2 ||     2
 Stab: Sleeping          |     1 |       |     2 ||     3
  Eat: Chunk             |     1 |     8 |     2 ||    11
       Bread ration      |       |       |     1 ||     1
Armor: Leather armour    |    20 |    13 |     7 ||    40
Dodge: Dodged            |    47 |    57 |    91 ||   195
